 Dungeon Crawl Stone Soup version 0.20.1-1-g8b1a95d66d (webtiles) character file.

12764 Gargoyl the Protected (level 11, -2/92 HPs)
             Began as a Centaur Abyssal Knight on Nov 25, 2017.
             Was a High Priest of Lugonu.
             Slain by a black mamba (9 damage)
             ... on level 3 of the Lair of Beasts.
             The game lasted 00:28:47 (13056 turns).

Gargoyl the Protected (Centaur Abyssal Knight)     Turns: 13056, Time: 00:28:48

Health: -2/92      AC: 17    Str: 18    XL:     11   Next: 66%
Magic:  18/18      EV:  5    Int: 11    God:    Lugonu [*****.]
Gold:   462        SH:  0    Dex: 12    Spells: 10/10 levels left

rFire    + . .     SeeInvis +   r - +4 hand axe
rCold    . . .     Gourm    .   (no shield)
rNeg     . . .     Faith    .   F - +1 plate armour {rF+}
rPois    .         Spirit   .   (helmet restricted)
rElec    .         Reflect  .   x - +0 cloak (curse)
rCorr    .         Harm     .   k - +1 pair of gloves {Str+3}
MR       +....     Rnd*Rage +   (no barding)
Stlth    ..........             (no amulet)
Regen    0.7/turn               b - ring of see invisible
MPRegen  0.2/turn               H - ring of protection from magic

@: lethally poisoned (-2 -> -6), very quick
A: fangs 1, hooves 3, horns 1, berserk 1, deformed body, speed 2, high mp 1,
regeneration 1, tough skin 3
a: Depart the Abyss, Bend Space, Banish, Corrupt, Enter the Abyss, Renounce
Religion


You were on level 3 of the Lair of Beasts.
You worshipped Lugonu.
Lugonu was extremely pleased with you.
You were not hungry.

You visited 2 branches of the dungeon, and saw 11 of its levels.
You visited the Abyss 1 time.
You also visited: Volcano.

You collected 462 gold pieces.

Inventory:

Hand Weapons
 r - a +4 hand axe (weapon)
 D - a +0 war axe
Missiles
 z - 9 javelins (quivered)
Armour
 k - a +1 pair of gloves of strength (worn)
 x - a cursed +0 cloak (worn)
 F - a +1 plate armour of fire resistance (worn)
Jewellery
 b - a ring of see invisible (left hand)
 H - a ring of protection from magic (right hand)
Wands
 s - a wand of clouds (3/9)
 t - a wand of acid (5/15)
 A - a wand of random effects (27/48)
 C - a wand of confusion (26/48)
 E - a wand of random effects (48/48)
Scrolls
 a - a scroll of recharging
 e - 7 scrolls of remove curse
 q - 2 scrolls of identify
 u - 2 scrolls of teleportation
 y - a scroll of fear
 G - a scroll of amnesia
Potions
 g - 2 potions of might
 i - 3 potions of haste
 j - 3 potions of flight
 m - 4 potions of lignification
 n - a potion of resistance
 o - a potion of berserk rage
 v - a potion of brilliance
 w - 2 potions of invisibility
Books
 l - a book of Enchantments

   Spells                             Type                      Level
   a - Cause Fear                     Hexes                        4
   b - Yara's Violent Unravelling     Hexes/Transmutation          5
   c - Silence                        Hexes/Air                    5
   d - Deflect Missiles               Charms/Air                   6
   e - Discord                        Hexes                        8
Comestibles
 c - 5 bread rations
 d - 11 fruits
 f - a chunk of flesh
 h - 3 meat rations
 p - 2 royal jellies


   Skills:
 + Level 7.4 Fighting
 + Level 9.4 Axes
 + Level 1.8 Throwing
 * Level 9.5 Armour
 + Level 2.3 Dodging
 * Level 8.1 Invocations


You had 10 spell levels left.
You didn't know any spells.

Dungeon Overview and Level Annotations

Branches:
Dungeon (8/15)             Temple (0/1) D:4            Lair (3/6) D:8
  Swamp (0/4) Lair:2
  Snake: Lair:2-4    Spider: Lair:2-4

Altars:
Dithmenos
Fedhas
Gozag
Hepliaklqana
Sif Muna
Uskayaw

Shops:
D:6 (   D:7 }


Innate Abilities, Weirdness & Mutations

You have hooves in place of feet.
Armour fits poorly on your strangely shaped body.
You cover ground very quickly.
You have extremely tough skin. (AC +3)
You have very sharp teeth.
You have a pair of small horns on your head.
You tend to lose your temper in combat.
You have an increased reservoir of magic. (+10% MP)
Your natural rate of healing is unusually fast.


Message History

You bite the black mamba, but do no damage.
The black mamba is heavily wounded.
You hit the komodo dragon.
You feel sick.
The black mamba bites you but does no damage.
The komodo dragon bites you!!
* * * LOW HITPOINT WARNING * * *
The black mamba bites you.
* * * LOW HITPOINT WARNING * * *
You closely miss the black mamba. You kick the black mamba.
You bite the black mamba, but do no damage.
The black mamba is severely wounded.
You hit the komodo dragon.
You feel sick.
The black mamba bites you but does no damage.
The komodo dragon bites you!
* * * LOW HITPOINT WARNING * * *
Unknown command.
You completely miss the black mamba. Your headbutt misses the black mamba.
The black mamba is severely wounded.
You hit the komodo dragon.
You feel sick. The black mamba bites you!
You die...

##.. ##..#.
#...##......P.. #....#.
.......#....P.. .......
............#.. .#.....
...........#... .......
#............. ......
##.....#P...... ... .%#
.##....##......##S##...#
.#..÷#..#..#.##.@.......
.P....##.....##.l.......
....<##P......#.........
........................
.......#P.....##.#......
....#..#......###.......
..##....##...### #...#.#
.≈≈≈≈..........# ...###
≈≈≈≈≈≈...#P.....# ##..


You could see a komodo dragon and a black mamba.

Vanquished Creatures
  Erica (D:8)
  Psyche (D:8)
  Joseph (D:7)
  6 spiny frogs
  2 rime drakes (Lair:2)
  A komodo dragon (Lair:1)
  The ghost of Gargoyl the Skirmisher, an amateur CeAK of Lugonu (D:4)
  A polar bear (Lair:3)
  A slime creature (Lair:2)
  Prince Ribbit (D:8)
  4 hippogriffs
  A shadow (D:8)
  Sigmund (D:5)
  6 yaks (Lair:2)
  2 wyverns (D:8)
  A basilisk (Lair:2)
  Edmund (D:6)
  6 insubstantial wisps (Lair:2)
  A warg (Lair:1)
  Menkaure (D:6)
  2 porcupines (Lair:1)
  3 water moccasins
  A phantom (D:4)
  2 sky beasts
  A black bear (D:6)
  4 ogres
  4 wolves (Lair:1)
  A crocodile (Lair:2)
  9 bullfrogs
  A water moccasin zombie (D:6)
  3 scorpions
  7 howler monkeys
  5 jellies
  A crimson imp (D:8)
  A quasit (D:8)
  A centaur zombie (D:8)
  A bullfrog zombie (D:6)
  A centaur skeleton (D:4)
  7 orc priests
  8 hounds
  3 bullfrog skeletons
  An iguana (D:4)
  8 orc wizards
  4 worker ants
  A hound zombie (D:5)
  A hound skeleton (D:4)
  A howler monkey skeleton (D:6)
  14 gnolls
  7 adders
  2 adder zombies
  14 oozes
  An adder skeleton (D:6)
  A worm (D:4)
  3 dart slugs
  5 leopard geckos
  31 orcs
  4 bats (D:3)
  8 giant cockroaches
  9 hobgoblins
  5 jackals
  4 quokkas
  4 frilled lizards
  12 goblins
  A jackal skeleton (D:6)
  7 kobolds
  A leopard gecko zombie (D:5)
  7 rats
262 creatures vanquished.

Vanquished Creatures (others)
  A salamander (Volcano)
  A black mamba (Lair:2)
  An orc warrior (D:8)
  A crimson imp (D:7)
  9 fungi (Lair:2)
  4 plants
17 creatures vanquished.

Grand Total: 279 creatures vanquished

Notes
Turn   | Place    | Note
-------+----------+-------------------------------------------
     0 | Abyss:1  | Gargoyl the Centaur Abyssal Knight began the quest for the Orb.
     0 | Abyss:1  | Reached XP level 1. HP: 19/19 MP: 2/2
     5 | Abyss:1  | Found a corrupted altar of Lugonu.
    44 | Abyss:2  | Noticed a flying skull
    45 | Abyss:2  | Gained mutation: You evolve. [potion of mutation]
    45 | Abyss:2  | Gained mutation: You are partially covered in thin metallic scales. (AC +2) [potion of mutation]
    45 | Abyss:2  | Gained mutation: You are partially covered in large bone plates. (SH +4) [potion of mutation]
    45 | Abyss:2  | Gained mutation: You are resistant to hostile enchantments. (MR+) [potion of mutation]
    46 | D:1      | Escaped the Abyss
   165 | D:1      | Reached XP level 2. HP: 26/26 MP: 3/3
   203 | D:1      | Reached * piety under Lugonu
   864 | D:1      | Reached XP level 3. HP: 31/31 MP: 4/4
  1461 | D:2      | Reached XP level 4. HP: 35/38 MP: 5/5
  1560 | D:2      | Reached ** piety under Lugonu
  1588 | D:2      | Found a blossoming altar of Fedhas.
  2171 | D:3      | Reached XP level 5. HP: 46/46 MP: 7/7
  3077 | D:4      | Reached skill level 1 in Dodging
  3077 | D:4      | Reached XP level 6. HP: 49/52 MP: 8/8
  3168 | D:4      | Found a staircase to the Ecumenical Temple.
  3664 | D:4      | Reached *** piety under Lugonu
  3784 | D:4      | Found a hide-covered altar of Uskayaw.
  3858 | D:4      | Found a deep blue altar of Sif Muna.
  3858 | D:4      | Found a blossoming altar of Fedhas.
  3858 | D:4      | Noticed Gargoyl's ghost (amateur CeAK)
  4165 | D:4      | Killed Gargoyl's ghost
  4165 | D:4      | Reached XP level 7. HP: 51/59 MP: 8/10
  4308 | D:5      | Entered Level 5 of the Dungeon
  4308 | D:5      | Noticed Sigmund
  4697 | D:5      | Killed Sigmund
  4880 | D:5      | Gained mutation: You rapidly evolve. [evolution]
  5115 | D:5      | Reached XP level 8. HP: 66/67 MP: 11/11
  5168 | D:5      | Reached skill level 1 in Throwing
  5226 | D:5      | Reached skill level 5 in Axes
  5354 | D:5      | You fall through a shaft for 3 floors!
  5387 | D:7      | Found an opulent altar of Gozag.
  6124 | D:6      | Found Pullac's Weapon Emporium.
  6124 | D:6      | Gained mutation: You tend to lose your temper in combat. [evolution]
  6149 | D:5      | Reached skill level 5 in Armour
  6410 | D:6      | Found a shadowy altar of Dithmenos.
  6430 | D:6      | Noticed Edmund
  6451 | D:6      | Killed Edmund
  6451 | D:6      | Reached skill level 5 in Invocations
  6740 | D:6      | Found a hazy altar of Hepliaklqana.
  6901 | D:6      | Gained mutation: You are occasionally teleported next to monsters. [evolution]
  6904 | D:6      | Lost mutation: You rapidly evolve. [potion of mutation]
  6904 | D:6      | Lost mutation: You are resistant to hostile enchantments. (MR+) [potion of mutation]
  6904 | D:6      | Lost mutation: You evolve. [potion of mutation]
  6904 | D:6      | Lost mutation: You tend to lose your temper in combat. [potion of mutation]
  6904 | D:6      | Gained mutation: Your system is resistant to poisons. (rPois) [potion of mutation]
  6904 | D:6      | Gained mutation: You are frail. (-10% HP) [potion of mutation]
  6904 | D:6      | Gained mutation: Your muscles are strong. (Str +2) [potion of mutation]
  6905 | D:6      | Lost mutation: You are frail. (-10% HP) [potion of mutation]
  6905 | D:6      | Lost mutation: You are partially covered in thin metallic scales. (AC +2) [potion of mutation]
  6905 | D:6      | Gained mutation: Your natural rate of healing is unusually fast. [potion of mutation]
  6905 | D:6      | Gained mutation: You have an increased reservoir of magic. (+10% MP) [potion of mutation]
  6906 | D:6      | Noticed Menkaure
  6918 | D:6      | Killed Menkaure
  7250 | D:6      | Reached XP level 9. HP: 64/73 MP: 14/14
  7382 | D:6      | Reached skill level 5 in Fighting
  7422 | D:7      | Found Ihich's Gadget Shop.
  7440 | D:7      | Lost mutation: Your system is resistant to poisons. (rPois) [potion of mutation]
  7440 | D:7      | Lost mutation: You are occasionally teleported next to monsters. [potion of mutation]
  7440 | D:7      | Lost mutation: Your muscles are strong. (Str +2) [potion of mutation]
  7440 | D:7      | Lost mutation: You are partially covered in large bone plates. (SH +4) [potion of mutation]
  7440 | D:7      | Gained mutation: You have very sharp teeth. [potion of mutation]
  7440 | D:7      | Gained mutation: You have a pair of small horns on your head. [potion of mutation]
  7670 | D:7      | Noticed Joseph
  7688 | D:7      | Killed Joseph
  7949 | D:8      | Reached **** piety under Lugonu
  7963 | D:8      | Gained mutation: You tend to lose your temper in combat. [mutagenic meat]
  7991 | D:8      | Found a staircase to the Lair.
  8006 | D:8      | Noticed Psyche
  8157 | D:8      | Killed Psyche
  8207 | D:8      | Reached XP level 10. HP: 80/83 MP: 16/16
  8563 | D:8      | Noticed Prince Ribbit
  8821 | D:8      | Noticed Erica
  8831 | D:8      | Killed Erica
  9331 | D:8      | Killed Prince Ribbit
  9563 | Lair:1   | Entered Level 1 of the Lair of Beasts
  9563 | Lair:1   | Noticed a spiny frog
  9574 | Lair:1   | Killed a spiny frog
  9979 | Lair:1   | Found a dark tunnel.
 10001 | Volcano  | Entered a volcano
 10004 | Volcano  | Noticed a salamander
 10014 | Volcano  | Banished a salamander
 10283 | Lair:1   | Noticed a spiny frog
 10299 | Lair:1   | Killed a spiny frog
 10732 | Lair:1   | Noticed a spiny frog
 10745 | Lair:1   | Killed a spiny frog
 10745 | Lair:1   | Reached XP level 11. HP: 17/91 MP: 18/18
 11449 | Lair:2   | Found a staircase to the Swamp.
 12132 | Lair:2   | HP: 2/91 [yak (8)]
 12637 | Lair:2   | Reached ***** piety under Lugonu
 13056 | Lair:3   | Slain by a black mamba

Skill      XL: |  1  2  3  4  5  6  7  8  9 10 11 |
---------------+----------------------------------+-----
Axes           | 2 3 4 6 7 8 9 |  9.4
Armour         | 2 3 4 5 6 8 9 |  9.5
Invocations    | 3 4 5 6 7 8 |  8.1
Dodging        | 1 2 |  2.3
Fighting       | 4 5 6 7 |  7.4
Throwing       | 1 |  1.8

Action                   |  1- 3 |  4- 6 |  7- 9 | 10-12 || total
-------------------------+-------+-------+-------+-------++-------
Melee: Hand axe          |    89 |   195 |   375 |   429 ||  1088
       Kick              |    16 |    46 |   110 |   141 ||   313
       Headbutt          |       |       |    26 |    89 ||   115
       Bite              |       |       |    18 |    63 ||    81
       War axe           |       |       |       |    43 ||    43
Throw: Tomahawk          |       |     1 |     6 |       ||     7
       Javelin           |       |       |     4 |     1 ||     5
Invok: Depart the Abyss  |     1 |       |       |       ||     1
       Banish            |       |     1 |     2 |     2 ||     5
  Use: Potion            |     1 |     3 |     6 |     5 ||    15
       Scroll            |     4 |     6 |     8 |     8 ||    26
  Eat: Chunk             |       |     8 |     7 |    10 ||    25
       Bread ration      |       |       |     2 |     1 ||     3
Armor: Leather armour    |    13 |       |       |       ||    13
       Scale mail        |    25 |   105 |    26 |       ||   156
       Skin              |       |    14 |       |       ||    14
       Plate armour      |       |       |   276 |   309 ||   585
Dodge: Dodged            |    35 |    81 |    84 |   101 ||   301
Block: Other             |    18 |    39 |    34 |       ||    91
